 Dungeon Crawl Stone Soup version 0.29-a0-210-g9445043ebc (webtiles) character file.

Game seed: 6184974087952243020

427 GabrielManson the Gusty (level 6, -1/35 HPs)
             Began as a Tengu Air Elementalist on Feb 24, 2022.
             Was an Initiate of Qazlal.
             Succumbed to a scorpion's poison
             ... on level 5 of the Dungeon.
             The game lasted 00:29:42 (4562 turns).

GabrielManson the Gusty (Tengu Air Elementalist)    Turns: 4562, Time: 00:29:43

Health: -1/35      AC:  3    Str:  8    XL:     6   Next: 97%
Magic:  6/12       EV: 14    Int: 16    God:    Qazlal [......]
Gold:   198        SH:  0    Dex: 16    Spells: 3/12 levels left

rFire   . . .      SeeInvis .     - Unarmed
rCold   . . .      Faith    .   (no shield)
rNeg    . . .      Spirit   .   e - +0 leather armour
rPois   .          Reflect  .   (helmet restricted)
rElec   .          Harm     .   (no cloak)
rCorr   .          Rampage  .   (no gloves)
Will    .....                   (boots unavailable)
Stlth   ++........              (no amulet)
HPRegen 0.11/turn               b - ring of wizardry
MPRegen 0.13/turn               (no ring)

@: lethally poisoned (-1 -> -14), flying quickly and evasively, quick
A: beak, talons 3, nimble flight
a: Renounce Religion


You were on level 5 of the Dungeon.
You worshipped Qazlal.
Qazlal was noncommittal.
You visited 1 branch of the dungeon, and saw 5 of its levels.

You collected 198 gold pieces.

Inventory:

Armour
 a - a +0 robe
 e - a +0 leather armour (worn)
Jewellery
 b - a ring of wizardry (left hand)
Scrolls
 c - a scroll of identify {unknown}
 d - a scroll of teleportation {unknown}
 g - a scroll of enchant armour {unknown}
 h - a scroll of summoning {unknown}
Potions
 f - a potion of ambrosia
 j - a potion of lignification {unknown}


   Skills:
 - Level 2.1 Fighting
 - Level 1.1 Armour
 + Level 2.8 Dodging
 - Level 2.0 Stealth
 + Level 3.6 Unarmed Combat
 * Level 3.9 Spellcasting
 - Level 1.3 Conjurations
 - Level 3.5 Summonings
 - Level 4.0 Air Magic


You had 3 spell levels left.
You knew the following spells:

 Your Spells              Type           Power      Damage    Failure   Level
a - Shock                 Conj/Air       44%        1d5       3%          1
b - Call Canine Familiar  Summ           14%        N/A       7%          3
c - Ensorcelled Hibernat  Hex/Ice        6%         N/A       16%         2
d - Swiftness             Air            16%        N/A       6%          3

Your spell library contained the following spells:

 Spells                   Type           Power      Damage    Failure   Level
 Summon Small Mammal      Summ           56%        N/A       2%          1
 Static Discharge         Conj/Air       11%        N/A       4%          2
 Summon Guardian Golem    Hex/Summ       8%         N/A       14%         3
 Passwall                 Tmut/Erth      2%         N/A       16%         2
 Airstrike                Air            8%         N/A       17%         4


Dungeon Overview and Level Annotations

Branches:
Dungeon (5/15)
 Temple: D:4-7

Altars:
Cheibriados
Fedhas
Kikubaaqudgha
Makhleb
Nemelex Xobeh
Qazlal
Yredelemnul
The Shining One


Innate Abilities, Weirdness & Mutations

You have a beak for a mouth.
You have claws for feet.
Your magical nature lets you fly swiftly and evasively.


Message History

You feel better. The scorpion stings you. The scorpion barely misses you.
You hit the scorpion but do no damage.
You peck the scorpion, but do no damage.
The scorpion is severely wounded.
You start to feel a little faster.
The scorpion stings you!
You are poisoned.
The scorpion poisons you!
Casting: Shock (safe; 3% risk of failure)
Confirm with . or Enter, or press ? or * to list all spells.
Aiming: Ensorcelled Hibernation (safe; 16% risk of failure)
Press: ? - help, Shift-Dir - straight line, f/p - scorpion
Aim: a scorpion (severely wounded, chance to affect: 36%)
The scorpion easily resists.
* * * LOW HITPOINT WARNING * * *
You feel very sick. The scorpion completely misses you.
* * * LOW HITPOINT WARNING * * *
You feel sick. The orc hits you with a +0 hand axe.
* * * LOW HITPOINT WARNING * * *
It was a potion of heal wounds.
You feel much better.
You feel sick. The scorpion completely misses you. The scorpion stings you.
The orc hits you with a +0 hand axe.
You feel sick.
You no longer feel sluggish.
You feel sick. The scorpion stings you.
You feel sick.
You feel sick.
You are no longer poisoned.
There is a stone staircase leading down here.
You can't go up here!
The scorpion stings you.
* * * LOW HITPOINT WARNING * * *
You are lethally poisoned!
The scorpion poisons you! The orc hits you with a +0 hand axe.
* * * LOW HITPOINT WARNING * * *
You fly downwards.
You hear the hiss of flowing sand.
There is an entrance to an ossuary on this level.
Hurry and find it before the portal is buried!
You die...

###########
#......@s.#
#.....o...#
#.W.......#
#.......Z.#
#.........#
#.........#
#.........#
####.##..##


You could see a phantom (dormant), a scorpion, an orc and a howler monkey zombie
(dormant).

Vanquished Creatures
  2 ogres
  A water moccasin skeleton (D:3)
  A hound (D:4)
  5 adders
  A worm (D:2)
  8 endoplasms
  A giant cockroach (D:3)
  10 goblins
  5 hobgoblins
  2 jackals (D:1)
  A quokka (D:1)
  9 ball pythons
  8 bats
  8 frilled lizards
  6 kobolds
  3 rats
71 creatures vanquished.

Vanquished Creatures (collateral kills)
  An iguana (D:3)
  3 gnolls (D:2)
  5 goblins (D:3)
  A quokka (D:4)
10 creatures vanquished.

Vanquished Creatures (others)
  17 plants (D:2)
17 creatures vanquished.

Grand Total: 98 creatures vanquished

Notes
Turn   | Place    | Note
-------+----------+-------------------------------------------
     0 | D:1      | GabrielManson the Tengu Air Elementalist began the quest
                  | for the Orb.
     0 | D:1      | Reached XP level 1. HP: 10/10 MP: 4/4
    86 | D:1      | Reached skill level 1 in Unarmed Combat
   197 | D:1      | Reached XP level 2. HP: 7/15 MP: 3/6
   954 | D:1      | Reached XP level 3. HP: 19/19 MP: 7/7
   960 | D:1      | Learned a level 3 spell: Call Canine Familiar
  1151 | D:1      | Reached skill level 1 in Summonings
  1267 | D:1      | Found a faded altar of an unknown god.
  1398 | D:2      | Learned a level 2 spell: Ensorcelled Hibernation
  2104 | D:2      | Reached XP level 4. HP: 12/24 MP: 8/8
  2364 | D:2      | Noticed an ogre
  2428 | D:2      | Killed an ogre
  2429 | D:2      | Reached skill level 1 in Fighting
  2429 | D:2      | Reached skill level 1 in Armour
  2429 | D:2      | Gained mutation: Your magical nature lets you fly swiftly
                  | and evasively. [Tengu growth]
  2429 | D:2      | Reached XP level 5. HP: 5/29 MP: 8/10
  2766 | D:2      | Learned a level 3 spell: Swiftness
  3038 | D:3      | Reached XP level 6. HP: 19/34 MP: 6/11
  4312 | D:4      | Found a glowing golden altar of the Shining One.
  4313 | D:4      | Found a basalt altar of Yredelemnul.
  4313 | D:4      | Found a snail-covered altar of Cheibriados.
  4315 | D:4      | Found a burning altar of Makhleb.
  4315 | D:4      | Found a stormy altar of Qazlal.
  4317 | D:4      | Found an ancient bone altar of Kikubaaqudgha.
  4317 | D:4      | Found a blossoming altar of Fedhas.
  4318 | D:4      | Found a sparkling altar of Nemelex Xobeh.
  4331 | D:4      | Became a worshipper of Qazlal Stormbringer
  4562 | D:5      | Entered Level 5 of the Dungeon
  4562 | D:5      | Succumbed to a scorpion's poison

Illustrated notes

Levels and vault maps discovered:
D:1:      dpeg_arrival_castle, layout_basic,
          hellmonk_ecumenical_altar_inner_sanctum, roderic_serpentine_path
D:2:      layout_basic, chequers_serial_rivers_room_b, serial_bayou_pond_a,
          minmay_lizard_king
D:3:      layout_loops_ring, minmay_ogre_servants
D:4:      layout_gridville, grunt_temple_overflow_open, st_stairs_7
D:5:      layout_rooms, tgw_trog, nicolae_ossuary_entry_false_entrances,
          uniq_grinder

Skill      XL: |  1  2  3  4  5  6 |
---------------+-------------------+-----
Unarmed Combat | 1 2 3 |  3.6
Summonings     | 2 3 |  3.5
Fighting       | 1 2 |  2.1
Armour         | 1 |  1.1
Spellcasting   | 3 |  3.9
Dodging        | |  2.8
Stealth        | |  2.0
Conjurations   | |  1.3
Air Magic      | |  4.0

Action                   |  1- 3 |  4- 6 || total
-------------------------+-------+-------++-------
Melee: Unarmed           |    71 |    72 ||   143
       Peck              |    11 |     9 ||    20
       Kick              |    11 |    22 ||    33
       Punch             |     3 |     2 ||     5
 Cast: Shock             |    36 |    17 ||    53
       Ensorcelled Hiber |     1 |     9 ||    10
       Call Canine Famil |     1 |     8 ||     9
       Swiftness         |       |     2 ||     2
  Use: Potion            |       |     6 ||     6
 Stab: Sleeping          |     5 |     3 ||     8
       Distracted        |     2 |       ||     2
Armor: Robe              |    16 |       ||    16
       Leather armour    |    12 |     9 ||    21
Dodge: Dodged            |    61 |    73 ||   134

Table legend: (Time is in decaauts)
 A = Elapsed time spent in this place.
 B = Non-inter-level travel time spent in this place.
 C = Inter-level travel time spent in this place.
 D = Time resting spent in this place.
 E = Time spent auto-exploring this place.
 F = Levels seen in this place.
 G = Mean time per level.
                   A        B        C        D        E       F      G
               +--------+--------+--------+--------+--------+-----+--------+
         Total |   4454 |   4454 |      0 |   1251 |   2205 |   5 |  890.8 |
       Dungeon |   4454 |   4454 |      0 |   1251 |   2205 |   5 |  890.8 |
               +--------+--------+--------+--------+--------+-----+--------+

Top non-repeatable levels by time:
     D:1: 1391 daAuts
     D:2: 1369 daAuts
     D:3: 1318 daAuts
     D:4: 375 daAuts
